 Dungeon Crawl Stone Soup version 0.31.0-32-g396128a36d (webtiles) character file.

Game seed: 18254655254613445348

6 ChadusMaximus the Caller (level 1, -1/13 HPs)
             Began as a Barachi Summoner on Mar 8, 2024.
             Slain by a kobold
             ... wielding a +4 whip
              (5 damage)
             ... on level 2 of the Dungeon.
             The game lasted 00:00:24 (134 turns).

ChadusMaximus the Caller (Barachi Summoner)          Turns: 134, Time: 00:00:25

Health: -1/13      AC:  2    Str:  9    XL:     1   Next: 90%
Magic:  0/3        EV: 12    Int: 15    God:
Gold:   0          SH:  0    Dex: 12    Spells: 3/4 levels left

rFire   . . .        c - +0 club
rCold   . . .        (no shield)
rNeg    . . .        a - +0 robe
rPois   .            (no helmet)
rElec   .            (no cloak)
rCorr   .            (no gloves)
SInv    .            (no boots)
Will    .....        (no amulet)
Stlth   ++           (no ring)
HPRegen 0.22/turn    (no ring)
MPRegen 0.08/turn

%: no passive effects
@: lethally poisoned (-1 -> -5), slow
A: amphibious, slowness 1, strong legs 1, +LOS
a: Hop


You were on level 2 of the Dungeon.
You visited 1 branch of the dungeon, and saw 2 of its levels.

Inventory:

Hand Weapons
 c - a +0 club (weapon)
Armour
 a - a +0 robe (worn)
Scrolls
 d - a scroll of immolation {unknown}
 e - a scroll of torment {unknown}
Potions
 b - a potion of magic


   Skills:
 - Level 2.1 Dodging
 - Level 1.7 Stealth
 + Level 2.3 Spellcasting
 * Level 5.1 Summonings


You had 3 spell levels left.
You knew the following spells:

 Your Spells              Type           Power      Damage    Failure   Level
a - Summon Small Mammal   Summ           68%        N/A       2%          1

Your spell library contained the following spells:

 Spells                   Type           Power      Damage    Failure   Level
 Call Imp                 Summ           34%        N/A       3%          2
 Call Canine Familiar     Summ           17%        N/A       8%          3
 Summon Blazeheart Golem  Fire/Summ      9%         N/A       58%         4
 Summon Lightning Spire   Summ/Air       9%         N/A       58%         4


Dungeon Overview and Level Annotations

Branches:
Dungeon (1/15)

Altars:


Innate Abilities, Weirdness & Mutations

You are amphibious.
You cover ground slowly.
You can hop short distances.
You have an extended range of vision and can be seen from far away.


Message History

Your rat bites the adder.
The adder bites your rat.
Your rat dies!
Your rat's corpse disappears in a puff of smoke!
Your quokka barely misses the adder.
The adder bites your quokka.
Your quokka dies!
Your quokka's corpse disappears in a puff of smoke!
The adder hisses angrily.
Casting: Summon Small Mammal (safe; 2% risk of failure)
Confirm with . or Enter, or press ? or * to list all spells.
Your bat closely misses the adder.
Your bat barely misses the adder.
Your bat hits the adder.
Casting: Summon Small Mammal (safe; 2% risk of failure)
Confirm with . or Enter, or press ? or * to list all spells.
Your bat closely misses the adder.
Your bat misses the adder. The adder closely misses your bat. x2
You swap places.
Your bat misses the adder.
Your bat closely misses the adder.
The adder bites your bat.
Your bat is poisoned.
The adder poisons your bat!
Your bat barely misses the adder.
You hit the adder.
The adder is severely wounded.
Your bat closely misses the adder.
The adder bites you.
You are poisoned.
The adder poisons you! The kobold completely misses you. The adder misses you.
Unknown command.
You barely miss the adder.
The adder is severely wounded.
You feel very sick.
Your bat hits the adder but does no damage. x2
The adder closely misses you. The kobold hits you with a +4 whip.
Your quokka bites the adder.
The adder closely misses you.
Unknown command.
You hit the adder.
You kill the adder!
You feel sick.
Your bat dies!
Your bat's corpse disappears in a puff of smoke!
The kobold hits you with a +4 whip.
You die...

###########
##.........#
#....#####.# #..#.#
###.# #..#.###...#
## #.......#
###.....##
.#.#######.#....###
...........r@....>#
.#.#.##.##.K§.#.###
... ##.....# #.#.
#..#### #.## ...# #
..#.. .#####. .. .#
.. #


You could see a kobold (ally target) and a friendly quokka (summoned).

Vanquished Creatures
  An adder (D:2)
  A frilled lizard (D:1)
2 creatures vanquished.

Vanquished Creatures (collateral kills)
  A goblin (D:1)
  A hobgoblin (D:2)
  A quokka (D:1)
  2 rats (D:1)
5 creatures vanquished.

Grand Total: 7 creatures vanquished

Notes
Turn   | Place    | Note
-------+----------+-------------------------------------------
     0 | D:1      | ChadusMaximus the Barachi Summoner began the quest for the
                  | Orb.
     0 | D:1      | Reached XP level 1. HP: 13/13 MP: 3/3
    27 | D:1      | Found Foceri's Antique Weapon Shoppe.
    48 | D:1      | Reached skill level 5 in Summonings
   100 | D:1      | You fall into a shaft and drop 1 floor!
   134 | D:2      | Slain by a kobold

Illustrated notes

Levels and vault maps discovered:
D:1:      lemuel_arrival_funnel, layout_rooms, serial_shops, shop, hex_large,
          minmay_misc_feat_rows, palyth_stone_intersect
D:2:      layout_basic, hellmonk_ecumenical_altar_crossroads

Skill      XL: |  1 |
---------------+----+-----
Summonings     | 5 |  5.1
Dodging        | |  2.1
Stealth        | |  1.7
Spellcasting   | |  2.3

Action                     || total
---------------------------++-------
  Melee: Unarmed           ||     9
         Club              ||     8
   Cast: Summon Small Mamm ||     6
 Armour: Robe              ||     8
  Dodge: Dodged            ||    15
